 Dungeon Crawl Stone Soup version 0.26-a0-854-gdc81c2f471 (webtiles) character file.

Game seed: 3830223559652254967

284 robertstho the Slinger (level 6, 0/41 HPs)
             Began as a Halfling Hunter on Nov 23, 2020.
             Slain by an ice beast (5 damage)
             ... on level 4 of the Dungeon.
             The game lasted 00:04:28 (2535 turns).

robertstho the Slinger (Halfling Hunter)            Turns: 2535, Time: 00:04:28

Health: 0/41       AC:  6    Str: 14    XL:     6   Next: 55%
Magic:  6/6        EV: 12    Int:  9    God:
Gold:   179        SH:  0    Dex: 16    Spells: 5/5 levels left

rFire    . . .     SeeInvis .   a - +1 hunting sling
rCold    . . .     Faith    .   (shield restricted)
rNeg     . . .     Spirit   .   l - +0 scale mail
rPois    .         Reflect  .   (no helmet)
rElec    .         Harm     .   (no cloak)
rCorr    .         Rampage  .   (no gloves)
MR       .....                  (no boots)
Stlth    +.........             (no amulet)
HPRegen  0.13/turn              (no ring)
MPRegen  0.10/turn              (no ring)

@: flying
A: small, mutation resistance 1
a: no special abilities


You were on level 4 of the Dungeon.
You visited 2 branches of the dungeon, and saw 5 of its levels.

You collected 179 gold pieces.

Inventory:

Hand Weapons
 a - a +1 hunting sling (weapon)
 w - a +0 short sword of venom
Missiles
 d - a sling bullet (quivered)
 e - 66 stones
 h - 7 curare-tipped darts
Armour
 c - a +0 leather armour
 l - a +0 scale mail (worn)
Jewellery
 k - an uncursed ring of see invisible {unknown}
Scrolls
 f - 2 scrolls of fear {unknown}
 g - a scroll of magic mapping {unknown}
 m - 2 scrolls of teleportation {unknown}
 n - 2 scrolls of identify {unknown}
 o - a scroll of enchant armour {unknown}
 q - 3 scrolls of remove curse {unknown}
 s - a scroll of noise {unknown}
 t - 4 scrolls of amnesia {unknown}
 u - 2 scrolls of fog {unknown}
Potions
 b - 2 potions of flight
 j - a potion of curing {unknown}
 p - a potion of might {unknown}
 r - a potion of lignification {unknown}
 v - a potion of brilliance {unknown}


   Skills:
 * Level 2.7 Fighting
 * Level 9.4 Slings
 + Level 1.6 Armour
 + Level 2.2 Dodging
 * Level 2.1 Stealth


You had 5 spell levels left.
You didn't know any spells.
Your spell library contained the following spells:

 Spells                   Type           Power        Failure   Level
 Magic Dart               Conj           #...         86%         1
 Blink                    Tloc           N/A          95%         2
 Call Imp                 Summ           #.......     95%         2
 Slow                     Hex            #.......     95%         2
 Conjure Flame            Conj/Fire      #.......     99%         3
 Mephitic Cloud           Conj/Pois/Air  #.......     99%         3


Dungeon Overview and Level Annotations

Branches:
Dungeon (4/15)             Temple (1/1) D:4

Altars:
Ashenzari
Cheibriados
Dithmenos
Elyvilon
Fedhas
Gozag
Hepliaklqana
Makhleb
Nemelex Xobeh
Qazlal
Ru
Sif Muna
Trog
Uskayaw
Vehumet
Wu Jian
Yredelemnul
The Shining One


Innate Abilities, Weirdness & Mutations

You are small and have problems with some larger weapons.
You are somewhat resistant to further mutation.


Message History

You shoot a sling bullet.
The sling bullet completely misses the ice beast.
You shoot a sling bullet. The sling bullet hits the ice beast.
The ice beast is moderately wounded.
The ice beast hits you. The ice beast freezes you!
You shoot a sling bullet.
The sling bullet closely misses the ice beast.
The ice beast hits you. The ice beast freezes you!
* * * LOW HITPOINT WARNING * * *
You are too injured to fight recklessly!
You are too injured to fight recklessly!
You are too injured to fight recklessly!
You are too injured to fight recklessly!
You are too injured to fight recklessly!
It was a potion of flight.
You feel very buoyant.
You fly up into the air.
The ice beast hits you.
* * * LOW HITPOINT WARNING * * *
The ice beast freezes you.
You die...

..................>
...#.#####..######.#.#
..#.#...............# #
#.#.#...#..######.###
#.#...#.#..............
# .....#.#.>..#####.####
...#...#.#....# #.#...
##.(...#.#....# #.#.#.
(.(..(Y@...#..# #.#.#.
####....####..#####.#.#.
.(((....................
####..##.####..####.#.##
..b. #.####.......#...
### .....
#.#....########## # #.+
...(. #............ #
#.# ..... ##.....######
# # #.# #.....#


You could see an ice beast.

Vanquished Creatures
  4 orc wizards (D:3)
  4 gnolls (D:2)
  4 adders
  3 worms (D:2)
  A dart slug (D:2)
  5 leopard geckos
  5 orcs (D:3)
  2 ball pythons
  12 bats
  9 giant cockroaches
  8 goblins
  5 hobgoblins
  4 jackals
  A quokka (D:2)
  4 frilled lizards
  12 kobolds
  5 rats
88 creatures vanquished.

Notes
Turn   | Place    | Note
-------+----------+-------------------------------------------
     0 | D:1      | robertstho the Halfling Hunter began the quest for the Orb.
     0 | D:1      | Reached XP level 1. HP: 14/14 MP: 1/1
    67 | D:1      | Reached skill level 6 in Slings
    91 | D:1      | Reached XP level 2. HP: 19/19 MP: 2/2
   211 | D:1      | Reached XP level 3. HP: 23/24 MP: 3/3
   479 | D:1      | Reached skill level 7 in Slings
   727 | D:2      | Reached XP level 4. HP: 29/29 MP: 4/4
   787 | D:2      | Reached skill level 8 in Slings
   823 | D:2      | Reached XP level 5. HP: 34/34 MP: 5/5
  1914 | D:3      | Reached XP level 6. HP: 41/41 MP: 6/6
  1917 | D:3      | Reached skill level 1 in Armour
  1941 | D:3      | Reached skill level 9 in Slings
  2196 | D:4      | Found a staircase to the Ecumenical Temple.
  2217 | Temple   | Entered the Ecumenical Temple
  2522 | D:4      | Noticed an ice beast
  2535 | D:4      | Slain by an ice beast

Illustrated notes

Levels and vault maps discovered:
D:1:      saegor_arrival_simple_e, layout_rooms, minmay_3d_cube
D:2:      cheibrodos_helix_gallery, layout_basic,
          hangedman_abyss_or_decor_stabs, hex_intersection, serial_park_tiny_1,
          chequers_hall_statues_wall_a
D:3:      layout_rooms
D:4:      layout_basic, kennysheep_mini_moat, minmay_temple_entry_butterflies,
          serial_rivers, chequers_serial_rivers_small_a,
          chequers_serial_rivers_micro_b, chequers_serial_rivers_large_a,
          chequers_serial_rivers_micro_e
Temple:   dpeg_five_rooms_temple

Skill      XL: |  1  2  3  4  5  6 |
---------------+-------------------+-----
Fighting       | 2 |  2.7
Slings         | 6 7 8 9 |  9.4
Stealth        | 2 |  2.1
Armour         | 1 |  1.6
Dodging        | |  2.2

Action                   |  1- 3 |  4- 6 || total
-------------------------+-------+-------++-------
 Fire: Hunting sling     |    88 |   185 ||   273
  Use: Potion            |       |     1 ||     1
Armor: Leather armour    |     1 |       ||     1
       Scale mail        |       |    15 ||    15
Dodge: Dodged            |    10 |    35 ||    45

Table legend: (Time is in decaauts)
 A = Elapsed time spent in this place.
 B = Non-inter-level travel time spent in this place.
 C = Inter-level travel time spent in this place.
 D = Time resting spent in this place.
 E = Time spent auto-exploring this place.
 F = Levels seen in this place.
 G = Mean time per level.
                   A        B        C        D        E       F      G
               +--------+--------+--------+--------+--------+-----+--------+
         Total |   2482 |   2360 |    122 |      0 |   1876 |   5 |  496.4 |
       Dungeon |   2243 |   2170 |     73 |      0 |   1687 |   4 |  560.8 |
        Temple |    238 |    189 |     49 |      0 |    189 |   1 |  238.0 |
               +--------+--------+--------+--------+--------+-----+--------+

Top non-repeatable levels by time:
     D:2: 814 daAuts
     D:3: 689 daAuts
     D:1: 580 daAuts
  Temple: 238 daAuts
     D:4: 158 daAuts
